 Dungeon Crawl Stone Soup version 0.27-a0-1136-g0b992a5a9d (webtiles) character file.

Game seed: 16229966183216079513

33 Anon1729 the Skirmisher (level 3, -2/43 HPs)
             Began as a Demonspawn Berserker on May 4, 2021.
             Was a Follower of Trog.
             Succumbed to a goblin's poison
             ... on level 2 of the Dungeon.
             The game lasted 00:00:59 (1745 turns).

Anon1729 the Skirmisher (Demonspawn Berserker)      Turns: 1745, Time: 00:01:00

Health: -2/43      AC:  2    Str: 18    XL:     3   Next: 12%
Magic:  3/3        EV: 12    Int:  8    God:    Trog [*.....]
Gold:   53         SH:  4    Dex: 12    Spells: 2/2 levels left

rFire    . . .     SeeInvis .   a - +0 hand axe
rCold    . . .     Faith    .   (no shield)
rNeg     . . .     Spirit   .   b - +0 animal skin
rPois    .         Reflect  .   (no helmet)
rElec    .         Harm     .   (no cloak)
rCorr    .         Rampage  .   (no gloves)
Will     .....                  (no boots)
Stlth    ..........             (no amulet)
HPRegen  0.14/turn              (no ring)
MPRegen  0.08/turn              (no ring)

@: berserking, lethally poisoned (-2 -> -23), very quick
A: condensation shield
a: Renounce Religion, Berserk


You were on level 2 of the Dungeon.
You worshipped Trog.
Trog was aware of your devotion.
You visited 1 branch of the dungeon, and saw 2 of its levels.

You collected 53 gold pieces.

Inventory:

Hand Weapons
 a - a +0 hand axe (weapon)
Armour
 b - a +0 animal skin (worn)
Jewellery
 f - a ring of positive energy
Scrolls
 c - a scroll of identify {unknown}
 d - 3 scrolls of teleportation {unknown}
 e - 2 scrolls of silence {unknown}
 g - a scroll of fog {unknown}
 h - a scroll of amnesia {unknown}


   Skills:
 + Level 3.3 Fighting
 + Level 3.0 Axes
 + Level 2.2 Armour
 + Level 2.2 Dodging


You had 2 spell levels left.
You didn't know any spells.
Your spell library was empty.

Dungeon Overview and Level Annotations

Branches:
Dungeon (2/15)

Altars:


Innate Abilities, Weirdness & Mutations

A meltable shield of frost defends you. (SH +4)


Message History

A goblin is nearby!
A goblin is nearby!
The goblin misses you.
You completely miss the goblin. The goblin hits you but does no damage.
You are poisoned.
The goblin hits you with a +0 dagger of venom.
You are more poisoned.
You barely miss the goblin.
You feel very sick.
The goblin hits you with a +0 dagger of venom.
You hit the goblin.
The goblin is heavily wounded.
You feel very sick.
The goblin hits you with a +0 dagger of venom.
You are too injured to fight recklessly!
You are too injured to fight recklessly!
You are too injured to fight recklessly!
You are too injured to fight recklessly!
You are too injured to fight recklessly!
You are too injured to fight recklessly!
A red film seems to cover your vision as you go berserk!
You feel yourself moving faster!
You feel mighty!
You feel sick.
The goblin hits you with a +0 dagger of venom.
You are lethally poisoned!
You barely miss the goblin.
The goblin is heavily wounded.
* * * LOW HITPOINT WARNING * * *
You feel very sick.
The goblin hits you with a +0 dagger of venom.
* * * LOW HITPOINT WARNING * * *
You are more poisoned.
You slice the goblin!!
You kill the goblin!
Trog accepts your kill.
* * * LOW HITPOINT WARNING * * *
You feel very sick.
* * * LOW HITPOINT WARNING * * *
You feel very sick.
You feel a strong urge to attack something.
You die...

..................
..#.###.#....###.#
.# ....# #.####.#
#.# #.# ..### #.#
#.# #.# #.#
.#.####.# #.# #.#
#.# ###.. ..# #.#
#)# #.# .#.####.#
#.# #.# ....# #.#
#.###.## ....###
#.#@.....#
........
#........#
....###.
########.# <......
#.# ###.... #.#
.#### #.# ## .#
#.# .# #.# .# #.#


There were no monsters in sight!

Vanquished Creatures
  A dart slug (D:1)
  2 ball pythons
  8 endoplasms
  2 giant cockroaches
  2 hobgoblins (D:1)
  2 quokkas
  A bat (D:2)
  2 goblins
  2 kobolds
  5 rats (D:1)
27 creatures vanquished.

Notes
Turn   | Place    | Note
-------+----------+-------------------------------------------
     0 | D:1      | Anon1729 the Demonspawn Berserker began the quest for the
                  | Orb.
     0 | D:1      | Reached XP level 1. HP: 18/18 MP: 1/1
   183 | D:1      | Gained mutation: A meltable shield of frost defends you.
                  | (SH +4) [demonic ancestry]
   183 | D:1      | Reached XP level 2. HP: 14/24 MP: 2/2
   191 | D:1      | HP: 1/24 [frozen (3)]
  1460 | D:2      | Reached XP level 3. HP: 18/29 MP: 3/3
  1744 | D:2      | HP: 2/43 [poisoned by a goblin]
  1745 | D:2      | Succumbed to a goblin's poison

Illustrated notes

Levels and vault maps discovered:
D:1:      giann_forest_graveyard, layout_loops_ring, hangedman_decor_points,
          minmay_misc_feat_nine_boxes
D:2:      layout_loops_ring, kennysheep_generic_room_5

Skill      XL: |  1  2 |
---------------+-------+-----
Dodging        | 2 |  2.2
Armour         | 2 |  2.2
Axes           | 3 |  3.0
Fighting       | |  3.3

Action                   || total
-------------------------++-------
Melee: Hand axe          ||    76
Invok: Berserk           ||     2
Armor: Animal skin       ||    12
Dodge: Dodged            ||    37
Block: Other             ||    10

Table legend: (Time is in decaauts)
 A = Elapsed time spent in this place.
 B = Non-inter-level travel time spent in this place.
 C = Inter-level travel time spent in this place.
 D = Time resting spent in this place.
 E = Time spent auto-exploring this place.
 F = Levels seen in this place.
 G = Mean time per level.
                   A        B        C        D        E       F      G
               +--------+--------+--------+--------+--------+-----+--------+
         Total |   1766 |   1737 |     29 |    272 |   1278 |   2 |  883.0 |
       Dungeon |   1766 |   1737 |     29 |    272 |   1278 |   2 |  883.0 |
               +--------+--------+--------+--------+--------+-----+--------+

Top non-repeatable levels by time:
     D:1: 1056 daAuts
     D:2: 709 daAuts
